AoeStats
← Governor

Arabia

510284503Analyzed
1v1 RM · 1d ago on Sep 30, 2026· 43m 50s· 2 players
Game mode
Random Map
Map size
Tiny (2 player)
Population
200
Speed
Normal
Resources
Standard
Victory
Conquest
Starting age
Dark Age
Ending age
Imperial Age
RankedLock teamsTeams togetherTeam positionsShared explorationLock speedFull tech treeHidden civsTurbo modeCheats
Victory
Defeat
🇨🇳 Vikings · China
252
+9
🇹🇷 Britons · Türkiye
96
-9
Governor
3:34 Loom
10:25 Feudal Age
10:59 Double-Bit Axe
10:59 Horse Collar
16:53 Scale Mail Armor
21:58 Forging
21:43 Fletching
22:12 Forging
22:01 Town Watch
25:08 Castle Age
23:56 Gold Mining
25:35 Fletching
26:59 Crossbowman
27:51 Stone Mining
29:18 Bodkin Arrow
30:09 Bow Saw
33:41 Pikeman
34:21 Squires
35:02 Town Patrol
41:59 Murder Holes
42:33 Chieftains
urladidim
15:06 Feudal Age
15:32 Horse Collar
15:42 Double-Bit Axe
18:04 Arson
20:58 Wheelbarrow
24:27 Gold Mining
24:29 Stone Mining
34:48 Castle Age
36:32 Bow Saw
36:28 Heavy Plow
36:51 Town Watch
40:31 Squires
39:53 Pikeman
Connection lost

Rejoining the realm…

Still unreachable

The connection could not be restored.

Session expired

The server has moved on; the page needs a fresh start.